 Dungeon Crawl Stone Soup version 0.31-a0-1278-g11c5b68f87 (webtiles) character file.

Game seed: 8773320487158639794

608 Sobieck the Magician (level 7, -1/36 HPs)
             Began as a Deep Elf Conjurer on Dec 17, 2023.
             Slain by a wyvern (18 damage)
             ... on level 5 of the Dungeon.
             The game lasted 00:07:24 (3775 turns).

Sobieck the Magician (Deep Elf Conjurer)            Turns: 3775, Time: 00:07:25

Health: -1/36      AC:  2    Str:  4    XL:     7   Next: 19%
Magic:  11/19      EV: 12    Int: 25    God:
Gold:   239        SH:  0    Dex: 13    Spells: 16/19 levels left

rFire   . . .        (no weapon)
rCold   . . .        (no shield)
rNeg    . . .        a - +0 robe
rPois   .            (no helmet)
rElec   .            (no cloak)
rCorr   .            (no gloves)
SInv    .            (no boots)
Will    .....        (no amulet)
Stlth   ++           (no ring)
HPRegen 0.26/turn    (no ring)
MPRegen 0.16/turn

%: no passive effects
@: no status effects
A: no striking features
a: no special abilities


You were on level 5 of the Dungeon.
You visited 2 branches of the dungeon, and saw 6 of its levels.

You collected 239 gold pieces.

Inventory:

Missiles
 k - 12 poisoned darts
 Z - a throwing net
Armour
 a - a +0 robe (worn)
 d - a +0 pair of gloves
 l - a +2 kite shield
 m - a +0 helmet
 p - a +0 kite shield
Wands
 I - a wand of iceblast (10)
Scrolls
 e - a scroll of fog {unknown}
 f - 2 scrolls of fear
 T - a scroll of teleportation
Potions
 b - a potion of magic
 c - a potion of degeneration {unknown}
 h - 2 potions of lignification
 j - 2 potions of mutation
 n - 2 potions of haste {unknown}
 q - a potion of berserk rage {unknown}
 r - a potion of cancellation {unknown}


   Skills:
 - Level 2.4 Dodging
 - Level 2.4 Stealth
 + Level 6.6 Spellcasting
 + Level 6.5 Conjurations
 + Level 5.6 Hexes


You had 16 spell levels left.
You knew the following spells:

 Your Spells              Type           Power      Damage    Failure   Level
a - Magic Dart            Conj           100%       1d8       1%          1
b - Searing Ray           Conj           82%        2d7       1%          2

Your spell library contained the following spells:

 Spells                   Type           Power      Damage    Failure   Level
 Dazzling Flash           Conj/Hex       76%        N/A       1%          3
 Sigil of Binding         Hex            36%        N/A       1%          3
 Fulminant Prism          Conj/Hex       19%        3d11      5%          4
 Iskenderun's Mystic Bla  Conj/Tloc      24%        2d7       19%         4
 Call Canine Familiar     Summ           8%         N/A       21%         3
 Dimensional Bullseye     Hex/Tloc       11%        N/A       22%         4


Dungeon Overview and Level Annotations

Branches:
Dungeon (5/15)             Temple (1/1) D:4

Altars:
Ashenzari
Cheibriados
Elyvilon
Fedhas
Makhleb
Okawaru
Qazlal
Ru
Uskayaw
Wu Jian
Yredelemnul
The Shining One

Shops:
D:4 =

Annotations:
D:3 2 runed translucent doors, jestert79's ghost, weakling GrHu
Temple 4 transporters


Message History

You hear a splash. x3 (Press . to maintain the ray.)
The orc shouts!
You hear an angry hiss.
A wyvern comes into view.
The orc throws a boomerang.
The boomerang closely misses you.
Unknown command.
Unknown command.
Danger!
Unknown command.
Casting: Searing Ray (safe; 1% risk of failure)
Confirm with . or Enter, or press ? or * to list all spells.
Aiming: Searing Ray (safe; 1% risk of failure)
Press: ? - help, Shift-Dir - straight line, f - orc wizard
Aim: an orc wizard, wielding a +0 dagger and wearing a +0 robe (77% to hit)
The searing ray hits the wyvern.
The wyvern is moderately wounded.
The searing ray hits the orc wizard!
The orc wizard is heavily wounded. (Press . to maintain the ray.)
The searing ray hits the wyvern.
The wyvern is heavily wounded.
The searing ray hits the orc wizard.
The orc wizard is severely wounded.
The wyvern completely misses you.
The searing ray hits the wyvern.
The wyvern is heavily wounded.
The searing ray misses the orc.
The searing ray hits the orc wizard!
You kill the orc wizard!
The wyvern barely misses you.
The searing ray hits the wyvern!
The wyvern is almost dead.
The searing ray hits the orc!
You kill the orc!
The searing ray hits the orc!
You kill the orc!
You finish channelling your searing ray.
The wyvern bites you. The wyvern bites you!
You hear the brisk hiss of a very distant avalanche of sand.
The wyvern completely misses you.
Casting: Searing Ray (safe; 1% risk of failure)
Confirm with . or Enter, or press ? or * to list all spells.
Aiming: Searing Ray (safe; 1% risk of failure)
Press: ? - help, Shift-Dir - straight line, f - wyvern
Aim: a wyvern (almost dead, 82% to hit)
The searing ray hits the wyvern but does no damage.
The wyvern is almost dead. (Press . to maintain the ray.)
The wyvern bites you!!
Ouch! That really hurt!
You die...

#.### ...~~~.
#.# #.# #.#
##.~...## #.#
#.# #.#
.%o)~...# #.#
#.# #..
.#......# #.#
#.## ##.
koo....$#
#.###.## #.#
#####.......
#)#
#...........
#k#
#.##########
#@# #.# #.# #.#
#### #.# #.#
#...# #.# #.#
.....##.# #.#
## ....~.#.#
#.# #.
#~..~.#.# #.#
#. ≈≈≈≈≈≈≈.##
#.# #.
#####....####.#
#.


You could see a wyvern.

Vanquished Creatures
  A black bear (D:4)
  An ogre (D:4)
  A scorpion (D:5)
  2 hounds
  An orc priest (D:3)
  A gnoll bouda (D:4)
  An iguana (D:4)
  2 orc wizards
  5 gnolls (D:4)
  2 adders (D:2)
  A shadow imp (D:5)
  2 ufetubi (D:5)
  2 worms (D:2)
  2 dart slugs
  11 orcs
  4 ball pythons
  6 endoplasms
  A giant cockroach (D:1)
  5 goblins
  4 hobgoblins
  5 jackals
  2 quokkas (D:2)
  11 bats
  4 frilled lizards
  4 kobolds
  11 rats
92 creatures vanquished.

Notes
Turn   | Place    | Note
-------+----------+-------------------------------------------
     0 | D:1      | Sobieck the Deep Elf Conjurer began the quest for the Orb.
     0 | D:1      | Reached XP level 1. HP: 10/10 MP: 6/6
    60 | D:1      | Reached skill level 1 in Hexes
   292 | D:1      | Reached XP level 2. HP: 15/15 MP: 4/8
   295 | D:1      | Learned a level 2 spell: Searing Ray
   777 | D:2      | Reached XP level 3. HP: 19/19 MP: 2/10
   988 | D:2      | You fall into a shaft and drop 1 floor!
  1546 | D:2      | Reached XP level 4. HP: 24/24 MP: 6/12
  2045 | D:2      | Found a snail-covered altar of Cheibriados.
  2101 | D:3      | Reached skill level 3 in Hexes
  2209 | D:3      | Reached XP level 5. HP: 28/28 MP: 7/14
  2337 | D:3      | Found a large runed translucent door.
  2337 | D:3      | Found a large runed translucent door.
  2355 | D:3      | Noticed jestert79's ghost (weakling GrHu)
  2502 | D:3      | Found an ornate altar of the Wu Jian Council.
  2607 | D:4      | Found a staircase to the Ecumenical Temple.
  2620 | Temple   | Found a transporter.
  2620 | Temple   | Found a transporter.
  2620 | Temple   | Found a transporter.
  2620 | Temple   | Found a transporter.
  2620 | Temple   | Entered the Ecumenical Temple
  2685 | D:4      | Noticed a black bear
  2693 | D:4      | Killed a black bear
  2694 | D:4      | Reached XP level 6. HP: 18/32 MP: 0/16
  2871 | D:4      | Reached skill level 6 in Conjurations
  3091 | D:4      | Found Duutuax's One-of-a-Kind Rings.
  3161 | D:4      | Reached skill level 6 in Spellcasting
  3370 | D:5      | Entered Level 5 of the Dungeon
  3548 | D:5      | Reached XP level 7. HP: 36/36 MP: 5/18
  3763 | D:5      | Noticed a wyvern
  3775 | D:5      | Slain by a wyvern

Illustrated notes

Levels and vault maps discovered:
D:1:      lightli_arrival_noodles, layout_rooms
D:2:      layout_rooms, basic_altar
D:3:      layout_rooms, lemuel_doored_altar, ebering_ghost_disaster_area,
          nrook_campfire
D:4:      layout_basic, minmay_temple_entry_statues_pillars,
          hangedman_feature_mirror, nicolae_shop_unique_rings
D:5:      layout_loops_ring, serial_rivers, chequers_serial_rivers_micro_c,
          chequers_serial_rivers_large_b, chequers_serial_rivers_micro_a,
          chequers_serial_rivers_small_3, chequers_serial_rivers_micro_e,
          nicolae_ossuary_entry_giza
Temple:   hellmonk_temple_divided_pantheon

Skill      XL: |  1  2  3  4  5  6 |
---------------+-------------------+-----
Hexes          | 1 2 3 4 5 |  5.6
Spellcasting   | 4 5 6 |  6.6
Conjurations   | 5 6 |  6.5
Dodging        | |  2.4
Stealth        | |  2.4

Action                     |  1- 3 |  4- 6 |  7- 9 || total
---------------------------+-------+-------+-------++-------
  Melee: Unarmed           |     1 |       |       ||     1
   Cast: Magic Dart        |    90 |    50 |     3 ||   143
         Searing Ray       |       |    16 |     3 ||    19
    Use: Scroll            |       |     9 |       ||     9
 Armour: Robe              |    16 |     7 |     3 ||    26
  Dodge: Dodged            |    22 |     5 |     4 ||    31

Table legend: (Time is in decaauts)
 A = Elapsed time spent in this place.
 B = Non-inter-level travel time spent in this place.
 C = Inter-level travel time spent in this place.
 D = Time resting spent in this place.
 E = Time spent auto-exploring this place.
 F = Levels seen in this place.
 G = Mean time per level.
                   A        B        C        D        E       F      G
               +--------+--------+--------+--------+--------+-----+--------+
         Total |   3778 |   3633 |    145 |    199 |   2883 |   6 |  629.7 |
       Dungeon |   3745 |   3600 |    145 |    199 |   2883 |   5 |  749.0 |
        Temple |     32 |     32 |      0 |      0 |      0 |   1 |   32.0 |
               +--------+--------+--------+--------+--------+-----+--------+

Top non-repeatable levels by time:
     D:3: 949 daAuts
     D:2: 883 daAuts
     D:1: 770 daAuts
     D:4: 764 daAuts
     D:5: 378 daAuts
  Temple: 32 daAuts
